 Dungeon Crawl Stone Soup version 0.31-a0-1522-g43313d8a59 (webtiles) character file.

Game seed: 15503519978893275514

4183 MachoJfn the Thaumaturge (level 10, -1/62 HPs)
             Began as a Djinni Fire Elementalist on Dec 30, 2023.
             Was a Believer of Zin.
             Slain by a two-headed ogre
             ... wielding a +0 dire flail
              (18 damage)
             ... on level 8 of the Dungeon.
             The game lasted 00:42:30 (10187 turns).

MachoJfn the Thaumaturge (DjFE)                    Turns: 10187, Time: 00:42:31

Health: -1/62      AC: 16    Str:  7    XL:     10   Next: 53%
Gold:   82         EV: 11    Int: 21    God:    Zin [**....] SH:  0 Dex: 14

rFire   + + .        B - +1 trident (venom)
rCold   x . .        (no shield)
rNeg    . . .        E - +3 ring mail {Will+}
rPois   ∞            m - +0 helmet
rElec   .            z - +2 cloak
rCorr   .            (no gloves)
SInv    .            (boots unavailable)
Will    ++...        (no amulet)
Stlth   ++           i - ring of wizardry
HPRegen 0.30/turn    c - +4 ring of protection
MPRegen 0.00/turn

%: clarity, wizardry (x1), infuse magic (-2 HP)
@: flying
A: sickness immunity, fire resistance 2, cold vulnerability 1, float, innate
caster, HP casting, extra vitality 1, clarity, wild magic 1, MP-powered wands
a: Renounce Religion, Recite, Vitalisation, Donate Gold


You were on level 8 of the Dungeon.
You worshipped Zin.
Zin was pleased with you.
You visited 2 branches of the dungeon, and saw 10 of its levels.

You collected 363 gold pieces.
You donated 281 gold pieces to Zin.

Inventory:

Hand Weapons
 B - a +1 trident of venom (weapon)
Missiles
 b - 31 stones
 r - 2 throwing nets
 s - 4 curare-tipped darts
 C - 3 atropa-tipped darts
Armour
 m - a +0 helmet (worn)
 z - a +2 cloak (worn)
 E - a +3 ring mail of willpower (worn)
Magical Staves
 D - a staff of air
Jewellery
 c - a +4 ring of protection (right hand)
 i - a ring of wizardry (left hand)
 j - a +6 ring of dexterity
Wands
 a - a wand of flame (19)
 h - a wand of polymorph (8)
 k - a wand of charming (8)
 l - a wand of iceblast (7)
 F - a wand of digging (5)
Scrolls
 e - 4 scrolls of immolation
 t - 3 scrolls of teleportation
 w - a scroll of revelation
Potions
 d - 2 potions of attraction
 g - 2 potions of brilliance
 n - 3 potions of haste
 o - a potion of enlightenment
 p - a potion of invisibility
 v - 3 potions of mutation
 x - a potion of might
 A - a potion of cancellation


   Skills:
 + Level 1.1 Fighting
 + Level 2.8 Armour
 + Level 4.2 Dodging
 + Level 3.7 Stealth
 + Level 0.3 Unarmed Combat
 * Level 10.1 Spellcasting
 * Level 10.1 Conjurations
 * Level 10.1 Hexes
 * Level 10.1 Summonings
 * Level 10.1 Necromancy
 * Level 10.1 Translocations
 * Level 10.1 Fire Magic
 * Level 10.1 Ice Magic
 * Level 10.1 Air Magic
 * Level 10.1 Earth Magic
 * Level 10.1 Alchemy
 * Level 4.5 Invocations


You knew the following spells:

 Your Spells              Type           Power      Damage    Failure   Level
a - Foxfire               Conj/Fire      100%       2x1d9     1%          1
b - Scorch                Fire           100%       2d9       1%          2
c - Volatile Blastmotes   Fire/Tloc      100%       2d18      1%          3
d - Inner Flame           Hex/Fire       62%        N/A       1%          3
e - Flame Wave            Conj/Fire      62%        2d14      2%          4
f - Sandblast             Erth           100%       2d20      1%          1
g - Jinxbite              Hex            100%       N/A       1%          2
h - Call Imp              Summ           100%       N/A       1%          2
i - Gell's Gravitas       Tloc           62%        N/A       1%          3
Your spell library was empty.

Dungeon Overview and Level Annotations

Branches:
Dungeon (9/15)             Temple (1/1) D:5
   Lair: D:8-11         Orc: D:9-12

Altars:
Ashenzari
Cheibriados
Dithmenos
Elyvilon
Gozag
Hepliaklqana
Makhleb
Nemelex Xobeh
Okawaru
Ru
Trog
Uskayaw
Wu Jian
Xom
Yredelemnul
Zin

Shops:
D:2 !   D:9 (

Annotations:
D:5 3 runed translucent doors, Azoth's ghost, novice SpWr
D:8 Joseph


Innate Abilities, Weirdness & Mutations

You are immune to sickness and miasma.
You are immune to poison.
Your flesh is very heat resistant. (rF++)
You are vulnerable to cold. (rC-)
You float through the air rather than walking.
You learn spells naturally, not from books.
Your magical power is your life essence.
You have superior vitality. (+4 MHP)
You possess an exceptional clarity of mind.
Your spells are a little harder to cast, but a little more powerful.
You expend health (3 HP) to strengthen your wands.


Message History

The two-headed ogre hits you with a +0 dire flail!
The two-headed ogre hits you but does no damage.
Casting: Scorch (safe; 1% risk of failure)
Confirm with . or Enter, or press ? or * to list all spells.
A cloud of volatile blastmotes flares up around you!
Run!
An orc warrior comes into view. It is wielding a +0 battleaxe.
The two-headed ogre barely misses you.
The two-headed ogre hits you with a +0 giant club!
Found a runed flail.
Casting: Volatile Blastmotes (safe; 1% risk of failure)
Confirm with . or Enter, or press ? or * to list all spells.
A cloud of volatile blastmotes flares up around you!
Run!
The two-headed ogre is no longer more vulnerable to fire.
Found 13 gold pieces.
Casting: Volatile Blastmotes (safe; 1% risk of failure)
Confirm with . or Enter, or press ? or * to list all spells.
A cloud of volatile blastmotes flares up around you!
Run!
The two-headed ogre hits you with a +0 dire flail!
The two-headed ogre closely misses you.
The two-headed ogre attacks as it pursues you!
The two-headed ogre barely misses you. x2
Casting: Volatile Blastmotes (safe; 1% risk of failure)
Confirm with . or Enter, or press ? or * to list all spells.
Flames lash the two-headed ogre.
The two-headed ogre is lightly wounded.
The two-headed ogre's fire resistance burns away.
You hear a shout!
An orc comes into view. It is wielding a +0 whip.
Casting: Scorch (safe; 1% risk of failure)
Confirm with . or Enter, or press ? or * to list all spells.
Flames lash the two-headed ogre.
The two-headed ogre is burned terribly!
The two-headed ogre is moderately wounded.
You hear a shout!
The cloud of blastmotes explodes!
The concussive blast engulfs the orc warrior.
The orc warrior is lightly wounded.
The two-headed ogre hits you with a +0 dire flail.
* * * LOW HITPOINT WARNING * * *
The two-headed ogre hits you with a +0 giant club!!
You die...

# .. .... #..@ ..
## ....... .. ...
....... $.##..
..# .......
...... ....
#..... #...# .
.##.. #.....##..#
.. .#...
..#......#..##..#
##...
................
.....
........@...#
.....
.....#.#O§..#
.#...
......##...##
.....
.........o..##.#
.....
...............#
.....
....#.§.......#
..... ...
##.......o..
..... .
#........###
..... ..........#


You could see a two-headed ogre (combustible), an orc warrior and an orc.

Vanquished Creatures
  Maurice (D:8)
  Grinder (D:4)
  A wraith (D:5)
  5 humans (D:7)
  Menkaure (D:4)
  A steam dragon (D:6)
  2 ice beasts
  A black bear (D:5)
  An ogre (D:4)
  4 centaurs
  4 phantoms
  2 bullfrogs
  3 scorpions
  4 wights (D:7)
  4 killer bees
  A howler monkey (D:3)
  A bombardier beetle (D:3)
  A jelly (D:6)
  3 hounds
  5 orc priests
  A sleepcap (D:6)
  3 iguanas
  Ijyb (D:3)
  2 orc wizards
  Robin (D:2)
  7 gnolls
  11 adders
  2 shadow imps
  2 white imps (D:6)
  2 ufetubi (D:6)
  4 dart slugs
  6 ribbon worms
  24 orcs
  8 endoplasms
  4 giant cockroaches
  15 goblins
  9 hobgoblins
  3 jackals (D:4)
  4 kobolds
  7 quokkas
  3 ball pythons
  6 bats
  A frilled lizard (D:2)
  6 rats
178 creatures vanquished.

Vanquished Creatures (collateral kills)
  A goblin (D:4)
  5 foxfires (D:3)
6 creatures vanquished.

Vanquished Creatures (others)
  269 foxfires
269 creatures vanquished.

Grand Total: 453 creatures vanquished

Notes
Turn   | Place    | Note
-------+----------+-------------------------------------------
     0 | D:1      | MachoJfn the Djinni Fire Elementalist began the quest for
                  | the Orb.
     0 | D:1      | MachoJfn set off with the following spells memorised:
                  | Foxfire, Scorch, Volatile Blastmotes, Inner Flame, Flame
                  | Wave.
     0 | D:1      | Reached XP level 1. HP: 15/15 MP: 0/0
   462 | D:1      | Reached XP level 2. HP: 14/21 MP: 0/0
  1290 | D:2      | Reached XP level 3. HP: 20/25 MP: 0/0
  1290 | D:2      | Learned a level 1 spell: Sandblast
  1411 | D:2      | Reached XP level 4. HP: 25/31 MP: 0/0
  1420 | D:2      | Noticed Robin
  1426 | D:2      | Killed Robin
  1680 | D:2      | Reached XP level 5. HP: 24/35 MP: 0/0
  1680 | D:2      | Learned a level 2 spell: Jinxbite
  1926 | D:2      | Found Qoqaug's Distillery.
  2261 | D:2      | Gained mutation: You possess an exceptional clarity of
                  | mind. [potion of mutation]
  2261 | D:2      | Gained mutation: Your spells are a little harder to cast,
                  | but a little more powerful. [potion of mutation]
  2261 | D:2      | Gained mutation: You expend health (3 HP) to strengthen
                  | your wands. [potion of mutation]
  2711 | D:3      | Reached XP level 6. HP: 30/40 MP: 0/0
  2965 | D:3      | Noticed Ijyb
  2974 | D:3      | Killed Ijyb
  2975 | D:3      | Reached skill level 5 in Spellcasting
  2975 | D:3      | Reached skill level 5 in Conjurations
  2975 | D:3      | Reached skill level 5 in Hexes
  2975 | D:3      | Reached skill level 5 in Summonings
  2975 | D:3      | Reached skill level 5 in Necromancy
  2975 | D:3      | Reached skill level 5 in Translocations
  2975 | D:3      | Reached skill level 5 in Fire Magic
  2975 | D:3      | Reached skill level 5 in Ice Magic
  2975 | D:3      | Reached skill level 5 in Air Magic
  2975 | D:3      | Reached skill level 5 in Earth Magic
  2975 | D:3      | Reached skill level 5 in Alchemy
  3815 | D:4      | Reached XP level 7. HP: 42/45 MP: 0/0
  3815 | D:4      | Learned a level 2 spell: Call Imp
  3895 | D:4      | Noticed Menkaure
  3900 | D:4      | Killed Menkaure
  4190 | D:4      | Found a glowing silver altar of Zin.
  4195 | D:4      | Found a broken altar of Ashenzari.
  4215 | D:4      | Became a worshipper of Zin the Law-Giver
  4215 | D:4      | Reached * piety under Zin
  4326 | D:4      | Noticed Grinder
  4333 | D:4      | Killed Grinder
  4334 | D:4      | Reached XP level 8. HP: 43/50 MP: 0/0
  4459 | D:4      | Reached skill level 1 in Invocations
  5101 | D:5      | Entered Level 5 of the Dungeon
  5337 | D:5      | Found a staircase to the Ecumenical Temple.
  5341 | D:5      | Noticed a wraith
  5346 | Temple   | Entered the Ecumenical Temple
  5909 | D:5      | Killed a wraith
  5910 | D:5      | Reached skill level 1 in Fighting
  6090 | D:5      | Identified the +1 pair of boots "Ileirha" {rElec}
  6603 | D:5      | Noticed a wraith
  6603 | D:5      | Noticed Azoth's ghost (novice SpWr)
  6604 | D:5      | Found a runed translucent gate.
  6604 | D:5      | Found a runed translucent gate.
  6604 | D:5      | Found a runed translucent gate.
  6617 | D:5      | Reached XP level 9. HP: 51/57 MP: 0/0
  6617 | D:5      | Learned a level 3 spell: Gell's Gravitas
  6810 | D:5      | Found an iron altar of Okawaru.
  6821 | D:5      | Donated 115 gold pieces to Zin
  6840 | D:5      | Donated 57 gold pieces to Zin
  6841 | D:5      | Donated 29 gold pieces to Zin
  6879 | D:5      | Reached ** piety under Zin
  7722 | D:6      | Found a burning altar of Makhleb.
  7781 | D:6      | Found a bloodstained altar of Trog.
  8218 | D:6      | Found a shadowy altar of Dithmenos.
  8914 | D:6      | Reached skill level 1 in Armour
  9044 | D:7      | You are sucked into a shaft and drop 2 floors!
  9046 | D:9      | Found Hecooq's Weapon Shoppe.
  9075 | D:8      | Noticed Joseph
  9136 | D:8      | Noticed Maurice
  9179 | D:8      | Killed Maurice
  9180 | D:8      | Reached XP level 10. HP: 45/62 MP: 0/0
  9325 | D:7      | Reached skill level 10 in Spellcasting
  9325 | D:7      | Reached skill level 10 in Conjurations
  9325 | D:7      | Reached skill level 10 in Hexes
  9325 | D:7      | Reached skill level 10 in Summonings
  9325 | D:7      | Reached skill level 10 in Necromancy
  9325 | D:7      | Reached skill level 10 in Translocations
  9325 | D:7      | Reached skill level 10 in Fire Magic
  9325 | D:7      | Reached skill level 10 in Ice Magic
  9325 | D:7      | Reached skill level 10 in Air Magic
  9325 | D:7      | Reached skill level 10 in Earth Magic
  9325 | D:7      | Reached skill level 10 in Alchemy
  9541 | D:7      | Donated 44 gold pieces to Zin
  9597 | D:7      | Identified the +1 robe of Hommustre {*Corrode rC+ Will+}
  9607 | D:7      | Found an opulent altar of Gozag.
 10176 | D:8      | Noticed a two-headed ogre
 10187 | D:8      | Slain by a two-headed ogre

Illustrated notes

Levels and vault maps discovered:
D:1:      dpeg_arrival_rooms_c, layout_basic, minmay_misc_feat_cross
D:2:      layout_basic, serial_shops, nicolae_shop_industrial_runoff, uniq_robin
D:3:      layout_loops_corners, vehumet_crystals, serial_park_tiny_2,
          chequers_big_river, uniq_ijyb
D:4:      layout_gridville, mainiacjoe_overflow_large_starburst,
          gup_sewer_entry_bubbles, uniq_menkaure, uniq_grinder
D:5:      layout_basic, mainiacjoe_overflow_small_starburst,
          minmay_temple_entry_junction_2, gammafunk_ghost_split
D:6:      layout_basic, hellmonk_overflow_destroyed_library,
          grunt_dithmenos_shadows, makhleb_heckhound_becter,
          nicolae_elevator_lobby_plus
D:7:      layout_cave_pools, grunt_gozag_breadcrumbs, minmay_ruffians
D:8:      layout_cave_pools, mainiacjoe_overflow_chevrons, uniq_maurice,
          uniq_joseph
D:9:      layout_long_grid, minitemple, serial_shops, shop,
          nicolae_shop_statue_plus
Temple:   eino_temple_lava

Skill      XL: |  1  2  3  4  5  6  7  8  9 10 |
---------------+-------------------------------+-----
Stealth        | 2 3 |  3.7
Spellcasting   | 4 5 6 7 9 10 | 10.1
Conjurations   | 4 5 6 7 9 10 | 10.1
Hexes          | 4 5 6 7 9 10 | 10.1
Summonings     | 4 5 6 7 9 10 | 10.1
Necromancy     | 4 5 6 7 9 10 | 10.1
Translocations | 4 5 6 7 9 10 | 10.1
Fire Magic     | 4 5 6 7 9 10 | 10.1
Ice Magic      | 4 5 6 7 9 10 | 10.1
Air Magic      | 4 5 6 7 9 10 | 10.1
Earth Magic    | 4 5 6 7 9 10 | 10.1
Alchemy        | 4 5 6 7 9 10 | 10.1
Dodging        | 3 4 |  4.2
Invocations    | 1 2 4 |  4.5
Fighting       | 1 |  1.1
Armour         | 1 2 |  2.8
Unarmed Combat | |  0.3

Action                     |  1- 3 |  4- 6 |  7- 9 | 10-12 || total
---------------------------+-------+-------+-------+-------++-------
  Melee: Unarmed           |       |       |     2 |       ||     2
         Trident           |       |       |       |     2 ||     2
   Cast: Foxfire           |    46 |    85 |    50 |       ||   181
         Scorch            |    14 |    35 |   117 |     3 ||   169
         Sandblast         |     1 |       |       |       ||     1
         Volatile Blastmot |       |     6 |    26 |     7 ||    39
         Call Imp          |       |       |     3 |       ||     3
         Gell's Gravitas   |       |       |     4 |     1 ||     5
         Flame Wave        |       |       |     1 |     5 ||     6
 Invoke: Recite            |       |       |     1 |       ||     1
         Donate Gold       |       |       |     3 |     1 ||     4
         Vitalisation      |       |       |       |     1 ||     1
    Use: Scroll            |       |     7 |     2 |     7 ||    16
         Potion            |       |     3 |     5 |     3 ||    11
 Armour: Robe              |     1 |     6 |    68 |       ||    75
         Ring mail         |       |       |    17 |    47 ||    64
  Dodge: Dodged            |       |     4 |    73 |    31 ||   108

Table legend: (Time is in decaauts)
 A = Elapsed time spent in this place.
 B = Non-inter-level travel time spent in this place.
 C = Inter-level travel time spent in this place.
 D = Time resting spent in this place.
 E = Time spent auto-exploring this place.
 F = Levels seen in this place.
 G = Mean time per level.
                   A        B        C        D        E       F      G
               +--------+--------+--------+--------+--------+-----+--------+
         Total |  10219 |   6938 |   3281 |   3304 |   2502 |  10 | 1021.9 |
       Dungeon |   9840 |   6589 |   3251 |   2959 |   2502 |   9 | 1093.3 |
        Temple |    379 |    349 |     30 |    344 |      0 |   1 |  379.0 |
               +--------+--------+--------+--------+--------+-----+--------+

Top non-repeatable levels by time:
     D:5: 1850 daAuts
     D:4: 1572 daAuts
     D:3: 1419 daAuts
     D:6: 1366 daAuts
     D:1: 1280 daAuts
     D:2: 1120 daAuts
     D:7: 984 daAuts
  Temple: 379 daAuts
     D:8: 234 daAuts
     D:9: 11 daAuts
